[Event "FIDE World School-ch G-13 2025"]
[Site "Vrnjacka Banja"]
[Date "2025.03.24"]
[Round "5.1"]
[White "Amanzhol, Khanzada"]
[Black "Abylaykyzy, Bibisara"]
[Result "1-0"]
[Annotator "TA"]
[ECO "B32"]
[WhiteElo "1908"]
[BlackElo "1651"]
[PlyCount "79"]
[EventDate "2025.03.19"]
[EventType "swiss"]
[EventCountry "SRB"]
[SourceTitle "playchess.com"]
[Source "ChessBase"]
[SourceQuality "1"]
[TimeControl "5400+30"]

1. e4 c5 2. Nf3 Nc6 3. d4 cxd4 4. Nxd4 Qb6 5. Nxc6 bxc6 6. Nc3 {[%emt 0:04:24] B32: Sicilian: Löwenthal and Kalashnikov Variations.} g6 (6... Nf6 $11 {remains equal.}) 7. Bd3 (7. Be3 $16 Qxb2 8. Bd4) 7... Bg7 $11 8. O-O {[%emt 0:00:34] White is slightly better.} d6 9. Qe2 $146 ({Predecessor:} 9. Kh1 Nf6 10. Qe2 O-O 11. Rb1 Nd7 12. Be3 Qa5 13. Qd2 Ne5 14. b4 Qd8 15. Bh6 Bxh6 16. Qxh6 {0-1 Tichatschke,W (1947)-Ceschia,I (2205) WchT Seniors 65 2025 (1.16)}) 9... Nf6 10. h3 O-O 11. Rb1 Qc7 12. Be3 e5 13. Qd2 (13. Bc4 $11) 13... d5 $15 {[%emt 0:02:01] [#] And now ...d4 would win.} 14. exd5 cxd5 15. Nb5 Qe7 16. Qa5 Bb7 17. Rfe1 (17. c3 $11) 17... e4 {[%emt 0:10:52] Black has a king side majority} (17... Rfd8 $15) 18. Bf1 Rfd8 19. Rbd1 Ne8 20. Bd4 (20. Nxa7 d4 (20... Bxb2 21. c3 $11) 21. Bg5 Bf6 22. Bxf6 Qxf6 $15 (22... Nxf6 23. c4 $17)) 20... Bxd4 21. Nxd4 Nd6 22. Ba6 Rac8 23. c3 Bxa6 24. Qxa6 Nc4 25. Nc6 Qe6 (25... Qf6 {is more complex.} 26. Rxd5 Nxb2 27. Qb7 Nd3) 26. Rxd5 $1 {[%emt 0:00:45] Threatens to win with Rc5.} Re8 $2 ({Of course not} 26... Rxd5 $6 27. Ne7+ (27. Qxc4 $2 {is the wrong capture.} Rxc6 28. Qa4 Ra6 $19) 27... Qxe7 28. Qxc8+ Qd8 29. Qxc4 $16) (26... Nxb2 $11 27. Rxd8+ Rxd8) 27. Qxc4 Rxc6 28. Qd4 Ra6 {[%emt 0:01:30] Black is weak on the dark squares} (28... Rb6 $16) 29. a4 $18 Qc6 30. a5 Qc7 (30... Qf6 $142 31. b4 (31. Rxe4 Rxe4 32. Qxe4 Re6 $18) 31... Qxd4 32. Rxd4 f5) 31. Rxe4 Rxe4 {[%emt 0:00:40][%cal Re4e1] [#]} 32. Rd8+ $1 (32. Qxe4 Rxa5 33. g3 Rxd5 34. Qxd5 h5 $16) 32... Qxd8 33. Qxd8+ {[%emt 0:00:03][%mdl 4096] Endgame KQ-KRR} Kg7 34. b4 Ree6 $2 (34... Rf6 {keeps fighting.} 35. Qd3 Ref4) 35. b5 Red6 (35... Rad6 36. Qc7 Rd1+ 37. Kh2 Rb1) 36. Qc7 {[%emt 0:00:06] White is clearly winning.} Rd1+ 37. Kh2 Rf6 38. Qxa7 Re6 39. b6 Ree1 40. b7 {[%emt 0:00:00] Weighted Error Value: White=0.16 (very precise) /Black=0.62  Loses game:     	---       	Black=1      Mistake:       	White=3     	Black=6      Inaccurate:     	White=3     	Black=4      OK:         	White=7     	Black=9      Best:        	White=2     	Black=2      Strong:       	White=2     	---} 1-0

[Event "FIDE World School-ch G-13 2025"]
[Site "Vrnjacka Banja"]
[Date "2025.03.24"]
[Round "5.2"]
[White "Omirserik, Alima"]
[Black "Begmuratova, Sarvinoz"]
[Result "1/2-1/2"]
[Annotator "NA RC"]
[ECO "B10"]
[WhiteElo "1814"]
[BlackElo "1808"]
[PlyCount "79"]
[EventDate "2025.03.19"]
[EventType "swiss"]
[EventCountry "SRB"]
[SourceTitle "playchess.com"]
[Source "ChessBase"]
[SourceQuality "1"]
[TimeControl "5400+30"]

1. e4 c6 2. Nf3 d5 3. exd5 cxd5 4. Ne5 Nc6 5. d4 e6 6. Bb5 Bd7 7. Nxd7 Qxd7 8. c3 a6 9. Bd3 Nf6 10. Nd2 Bd6 11. Nf3 h6 12. O-O O-O 13. Re1 Qc7 14. h3 Rfe8 15. Be3 Rac8 16. Rc1 e5 17. dxe5 Nxe5 18. Nxe5 Bxe5 19. Be2 Qa5 20. Qb3 b5 21. Bf3 Rc4 22. Rcd1 Bb8 23. Bxd5 Nxd5 24. Rxd5 Qc7 25. g3 Rce4 26. Rd3 Ba7 27. Kg2 Qc6 28. Kh2 Bxe3 29. fxe3 Qb6 30. Qc2 Rxe3 31. Rexe3 Rxe3 32. Qf2 Re6 33. Qxb6 Rxb6 34. Kg2 Re6 35. Kf2 f5 36. Rd5 g6 37. Rd7 Kf8 38. Ra7 Ke8 39. Kf3 Kf8 40. Kf2 1/2-1/2

[Event "FIDE World School-ch G-13 2025"]
[Site "Vrnjacka Banja"]
[Date "2025.03.24"]
[Round "5.3"]
[White "Leca Andrei, Anastasia"]
[Black "Gaer, Sofiya Ig"]
[Result "0-1"]
[Annotator "NA RC"]
[ECO "C01"]
[WhiteElo "1805"]
[BlackElo "1733"]
[PlyCount "130"]
[EventDate "2025.03.19"]
[EventType "swiss"]
[EventCountry "SRB"]
[SourceTitle "playchess.com"]
[Source "ChessBase"]
[SourceQuality "1"]
[TimeControl "5400+30"]

1. e4 e6 2. d4 d5 3. exd5 exd5 4. c4 c6 5. Nc3 Nf6 6. Nf3 Bg4 7. Be2 dxc4 8. Ne5 Bxe2 9. Qxe2 Be7 10. Qxc4 O-O 11. O-O Nbd7 12. f4 Nb6 13. Qd3 Nbd5 14. Be3 Qb6 15. Nxd5 cxd5 16. Qe2 Rfe8 17. g4 Ne4 18. g5 f6 19. gxf6 Bxf6 20. Kh1 Rac8 21. Rac1 Qe6 22. Qg2 Qf5 23. Qg4 Nd6 24. Qf3 Qe4 25. Qxe4 Nxe4 26. Kg2 Nd6 27. b3 Nf5 28. Kf3 Be7 29. Rxc8 Rxc8 30. Rc1 Rxc1 31. Bxc1 Nxd4+ 32. Ke3 Nf5+ 33. Kd3 Kf8 34. Be3 Nxe3 35. Kxe3 Bc5+ 36. Kf3 Ke7 37. Nd3 Bg1 38. h3 Ke6 39. Kg4 Bd4 40. h4 a5 41. h5 Kf6 42. Ne1 Bc3 43. Nd3 d4 44. Nc1 Ke6 45. Nd3 Kd5 46. Kf3 b6 47. Nc1 Bd2 48. Nd3 b5 49. Nb2 a4 50. Nd3 axb3 51. axb3 Ba5 52. f5 Bc7 53. Nf2 Ke5 54. Kg4 Bd8 55. b4 Be7 56. Nd3+ Ke4 57. Nc5+ Bxc5 58. bxc5 d3 59. h6 d2 60. hxg7 d1=Q+ 61. Kg5 Qd8+ 62. f6 Ke5 63. Kh6 Kxf6 64. c6 Qe8 65. Kxh7 Qg6+ 0-1

[Event "FIDE World School-ch G-13 2025"]
[Site "Vrnjacka Banja"]
[Date "2025.03.24"]
[Round "5.4"]
[White "Smirnova, Viktoria A"]
[Black "Enkhzaya, Zagas-Erdene"]
[Result "1-0"]
[Annotator "NA RC"]
[ECO "E15"]
[WhiteElo "1671"]
[BlackElo "1801"]
[PlyCount "75"]
[EventDate "2025.03.19"]
[EventType "swiss"]
[EventCountry "SRB"]
[SourceTitle "playchess.com"]
[Source "ChessBase"]
[SourceQuality "1"]
[TimeControl "5400+30"]

1. d4 Nf6 2. c4 e6 3. Nf3 b6 4. g3 Ba6 5. Qc2 Bb4+ 6. Bd2 Be7 7. Bg2 c6 8. O-O d5 9. Ne5 O-O 10. e3 Nfd7 11. Nxd7 Nxd7 12. b3 Bf6 13. Rd1 Rc8 14. cxd5 cxd5 15. Nc3 b5 16. a3 Qb6 17. Qb2 Bb7 18. Rac1 a5 19. Na2 Qa7 20. Rxc8 Rxc8 21. Rc1 Bc6 22. Rc2 Nb6 23. Qc1 Bd7 24. Rxc8+ Bxc8 25. Qc5 Bd7 26. Bf1 Be8 27. Nc3 b4 28. axb4 axb4 29. Nb5 Qb8 30. Bxb4 Nd7 31. Qd6 Qb7 32. Nc7 Qc8 33. Nxe8 Qxe8 34. Bb5 Qf8 35. Bxd7 Qa8 36. Ba4 h6 37. Qc6 Qa7 38. Bc5 1-0

[Event "FIDE World School-ch G-13 2025"]
[Site "Vrnjacka Banja"]
[Date "2025.03.24"]
[Round "5.5"]
[White "Akuratiya, A G Hansadie Aradhya"]
[Black "Tereshchenko, Eliza"]
[Result "0-1"]
[Annotator "NA RC"]
[ECO "B21"]
[WhiteElo "1629"]
[BlackElo "1751"]
[PlyCount "120"]
[EventDate "2025.03.19"]
[EventType "swiss"]
[EventCountry "SRB"]
[SourceTitle "playchess.com"]
[Source "ChessBase"]
[SourceQuality "1"]
[TimeControl "5400+30"]

1. e4 c5 2. d4 cxd4 3. c3 dxc3 4. Nxc3 Nc6 5. Bc4 e6 6. Nf3 a6 7. O-O Nge7 8. e5 Ng6 9. Qe2 Be7 10. a3 O-O 11. b4 Qc7 12. Re1 Ncxe5 13. Nxe5 Nxe5 14. Qxe5 Qxc4 15. Bb2 Bf6 16. Qg3 d5 17. Rac1 Qh4 18. Qc7 Bg5 19. g3 Qc4 20. Qxc4 dxc4 21. f4 Bf6 22. Red1 b5 23. Rc2 Bb7 24. Rd7 Rab8 25. Ne2 Be4 26. Rcd2 Bxb2 27. Rxb2 Rfd8 28. Rbd2 Bd3 29. Rxd8+ Rxd8 30. Nc3 Rc8 31. Kf2 f6 32. Ke3 Kf7 33. Kd4 Ke7 34. Ra2 Bg6 35. a4 Be8 36. axb5 Bxb5 37. Nxb5 axb5 38. Kc3 Rd8 39. Ra7+ Rd7 40. Ra5 Rd5 41. Ra7+ Kf8 42. Ra8+ Kf7 43. Ra7+ Kg6 44. Rb7 e5 45. fxe5 fxe5 46. h4 h5 47. Kc2 e4 48. Re7 Kf5 49. Rxg7 e3 50. Rf7+ Kg4 51. Re7 Kf3 52. Rf7+ Kxg3 53. Re7 Kf4 54. Rf7+ Rf5 55. Re7 Re5 56. Rf7+ Kg3 57. Rg7+ Kxh4 58. Rg1 e2 59. Re1 Kg3 60. Kd2 Kf2 0-1

[Event "FIDE World School-ch G-13 2025"]
[Site "Vrnjacka Banja"]
[Date "2025.03.24"]
[Round "5.6"]
[White "Mamakova, Aknur"]
[Black "Bratu, Agnes-Andreea"]
[Result "1-0"]
[Annotator "NA RC"]
[ECO "A85"]
[WhiteElo "1797"]
[BlackElo "1586"]
[PlyCount "133"]
[EventDate "2025.03.19"]
[EventType "swiss"]
[EventCountry "SRB"]
[SourceTitle "playchess.com"]
[Source "ChessBase"]
[SourceQuality "1"]
[TimeControl "5400+30"]

1. d4 f5 2. Nf3 Nf6 3. c4 e6 4. Nc3 Bb4 5. e3 d5 6. Bd2 c6 7. Be2 Ne4 8. Nxe4 fxe4 9. Bxb4 exf3 10. Bxf3 Nd7 11. Bh5+ g6 12. Bf3 Nf6 13. h4 Qb6 14. Bc3 h5 15. Qc2 Rg8 16. Rg1 Bd7 17. a3 Qc7 18. O-O-O O-O-O 19. c5 Rdf8 20. Qa4 b6 21. cxb6 axb6 22. Bb4 Re8 23. Qa8+ Qb8 24. Qxb8+ Kxb8 25. Bd6+ Kb7 26. Kd2 Rc8 27. Rc1 Ne8 28. Bb4 Nc7 29. Bd6 Nb5 30. Be5 c5 31. dxc5 bxc5 32. g4 c4 33. gxh5 gxh5 34. Rxg8 Rxg8 35. Rxc4 Be8 36. a4 Na7 37. Rc7+ Kb6 38. a5+ Kxa5 39. Rxa7+ Kb6 40. Rg7 Rf8 41. Rg3 Rf5 42. Bd4+ Kc6 43. Ke1 e5 44. Bc3 e4 45. Bd1 Kc5 46. Rg8 Bf7 47. Rf8 Kc4 48. Bxh5 Rxh5 49. Rxf7 Rxh4 50. Rc7+ Kd3 51. Kf1 Rh1+ 52. Kg2 Rb1 53. Rc5 Ke2 54. Rxd5 Rf1 55. Rd2+ Ke1 56. Rc2+ Kd1 57. Kxf1 Kxc2 58. f4 exf3 59. e4 Kd3 60. e5 f2 61. e6 Kc2 62. e7 Kd1 63. e8=Q Kc2 64. Qa4+ Kc1 65. Kxf2 Kb1 66. Ke2 Kc1 67. Qd1# 1-0